 Dungeon Crawl Stone Soup version 0.30-b1-2-g02819fbbbe (webtiles) character file.

Game seed: 11628654264217838782

191 redmage the Digger (level 6, -17/45 HPs)
             Began as a Meteoran Earth Elementalist on July 27, 2023.
             Killed by an exploding orc (28 damage)
             ... ignited by their inner flame
             ... on level 5 of the Dungeon.
             The game lasted 00:03:32 (276 turns).

redmage the Digger (Meteoran Earth Elementalist)     Turns: 276, Time: 00:03:33

Health: -17/45     AC:  3    Str: 11    XL:     6   Next: 22%
Magic:  12/13      EV: 12    Int: 18    God:
Gold:   41         SH:  0    Dex: 14    Spells: 7/13 levels left

rFire   . . .        (no weapon)
rCold   . . .        (no shield)
rNeg    . . .        a - +1 robe
rPois   .            (no helmet)
rElec   .            (no cloak)
rCorr   .            (no gloves)
SInv    .            (no boots)
Will    .....        (no amulet)
Stlth   +            (no ring)
HPRegen 0.27/turn    (no ring)
MPRegen 0.13/turn

%: no passive effects
@: glowing
A: sense surroundings 1, otherworldly, glowing, explore regen
a: no special abilities


You were on level 5 of the Dungeon.
You visited 1 branch of the dungeon, and saw 5 of its levels.

You collected 41 gold pieces.

Inventory:

Armour
 a - a +1 robe (worn)
Scrolls
 g - a scroll of blinking {unknown}
Potions
 b - a potion of magic
 c - 2 potions of mutation {unknown}
 i - a potion of ambrosia {unknown}
 j - 2 potions of curing {unknown}


   Skills:
 - Level 2.4 Dodging
 - Level 1.4 Stealth
 - Level 4.1 Spellcasting
 * Level 0.0 Conjurations
 - Level 3.3 Transmutations
 + Level 5.9 Earth Magic


You had 7 spell levels left.
You knew the following spells:

 Your Spells              Type           Power      Damage    Failure   Level
a - Sandblast             Erth           48%        2d12      1%          1
b - Passwall              Tmut/Erth      16%        N/A       3%          2
c - Stone Arrow           Conj/Erth      28%        3d8       13%         3

Your spell library contained the following spells:

 Spells                   Type           Power      Damage    Failure   Level
 Petrify                  Tmut/Erth      20%        N/A       22%         4


Dungeon Overview and Level Annotations

Branches:
Dungeon (5/15) Zot: 2714
 Temple: D:4-7

Altars:


Innate Abilities, Weirdness & Mutations

You passively map a small area around you.
You are easily found by Zot.
You glow in the dark.
You regain HP and MP as you explore.


Message History

The scorpion completely misses you. The quokka misses you.
The scorpion stings you. The quokka attacks as you move away!
The quokka bites you but does no damage.
A water moccasin, an orc wizard and 2 orcs come into view.
You feel sick.
The orc shouts!
The orc wizard shouts!
The orc shouts!
The water moccasin hisses angrily.
The scorpion closely misses you.
There is an open door here.
As you read the scroll labelled AFYMIAWANG, it crumbles to dust.
Your body is wracked with pain!
The scorpion convulses!
The water moccasin convulses!
The hound convulses!
The quokka convulses!
The orc convulses! x2; The orc wizard convulses!
It was a scroll of torment.
You feel sick.
The water moccasin bites you but does no damage.
The scorpion stings you. The quokka bites you.
As you read the scroll labelled NOSARE IDGHOWK, it crumbles to dust.
The creatures around you are filled with an inner flame!
It was a scroll of immolation.
You feel sick.
You are no longer poisoned.
The water moccasin bites you but does no damage.
The hound bites you. The quokka bites you.
* * * LOW HITPOINT WARNING * * *
The scorpion misses you. The hound bites you.
* * * LOW HITPOINT WARNING * * *
The water moccasin misses you.
Unknown command.
Casting: Passwall (safe; 3% risk of failure)
Confirm with . or Enter, or press ? or * to list all spells.
Aiming: Sandblast (safe; 1% risk of failure)
Press: ? - help, Shift-Dir - straight line, f - orc
Aim: an orc, wielding a +0 hand axe (moderately wounded, inner flame, 83% to hit)
The blast of sand hits the orc!!
The orc explodes!
The fiery explosion engulfs the orc wizard!!
The fiery explosion engulfs the water moccasin!!
The fiery explosion engulfs the orc!!
The fiery explosion engulfs you!!
Ouch! That really hurt!
You die...

, , , , ,, * , ,
* + , , ,, , , *,
+ , ####+## , * ,
.,, ......##+
...#####......# ,
.......#h.=...+ ,
* .....§§@s.....#
......§#r...### ,
.....))#....# ,
.......#........
.......#........,
, ,
.......##...####
*...#### ...# *
,, +## .... * , ,
, , .....


You could see a scorpion (inner flame), a hound (inner flame) and a quokka
(inner flame).

Vanquished Creatures
  Sigmund (D:3)
  A water moccasin (D:5)
  Jessica (D:2)
  An orc wizard (D:5)
  2 orcs (D:5)
  A quokka (D:2)
  A bat (D:2)
  A frilled lizard (D:3)
  A kobold (D:2)
10 creatures vanquished.

Notes
Turn   | Place    | Note
-------+----------+-------------------------------------------
     0 | D:1      | redmage the Meteoran Earth Elementalist began the quest for
                  | the Orb.
     0 | D:1      | Reached XP level 1. HP: 14/14 MP: 5/5
    78 | D:2      | Noticed Jessica
    83 | D:2      | Killed Jessica
    84 | D:2      | Reached skill level 4 in Earth Magic
    84 | D:2      | Reached XP level 2. HP: 20/20 MP: 4/7
    84 | D:2      | Reached XP level 3. HP: 26/26 MP: 4/8
    90 | D:2      | Learned a level 2 spell: Passwall
    94 | D:2      | Learned a level 3 spell: Stone Arrow
   127 | D:3      | Noticed Sigmund
   130 | D:3      | Killed Sigmund
   131 | D:3      | Reached skill level 5 in Earth Magic
   131 | D:3      | Reached XP level 4. HP: 24/33 MP: 6/11
   131 | D:3      | Reached XP level 5. HP: 27/38 MP: 6/12
   131 | D:3      | Reached XP level 6. HP: 32/45 MP: 6/13
   271 | D:5      | Entered Level 5 of the Dungeon
   273 | D:5      | Noticed a water moccasin
   276 | D:5      | Killed a water moccasin
   276 | D:5      | Killed by an exploding orc... ignited by their inner flame

Illustrated notes

Levels and vault maps discovered:
D:1:      heliophobic_arrival_glass_houses, layout_rooms, serial_bayou,
          serial_bayou_lake_a, serial_bayou_pond_d, serial_bayou_pond_b,
          serial_bayou_pond_a, ebering_ecumenical_altar_webs,
          chequers_serial_rivers_micro_b
D:2:      layout_basic, basic_altar, grunt_decor_mini_mirrors, uniq_jessica
D:3:      layout_loops_ring, gammafunk_ghost_smash, uniq_sigmund
D:4:      layout_basic, dreamdust_princess_corridor
D:5:      layout_gridville, kennysheep_pointless_box

Skill      XL: |  1  2  3 |
---------------+----------+-----
Spellcasting   | 3 4 |  4.1
Transmutations | 2 3 |  3.3
Earth Magic    | 4 5 |  5.9
Dodging        | |  2.4
Stealth        | |  1.4

Action                     |  1- 3 |  4- 6 || total
---------------------------+-------+-------++-------
   Cast: Sandblast         |     8 |     2 ||    10
         Passwall          |     1 |     1 ||     2
    Use: Scroll            |       |     5 ||     5
 Armour: Robe              |     1 |     4 ||     5
  Dodge: Dodged            |     1 |    17 ||    18
